 Dungeon Crawl Stone Soup version 0.20.1-1-g8b1a95d (webtiles) character file.

313 pstr the Conjurer (level 6, -1/33 HPs)
             Began as a Kobold Conjurer on Nov 15, 2017.
             Slain by homeworkjunkie's ghost (9 damage)
             ... on level 4 of the Dungeon.
             The game lasted 00:12:58 (5601 turns).

pstr the Conjurer (Kobold Conjurer)                 Turns: 5601, Time: 00:12:58

Health: -1/33      AC:  3    Str:  6    XL:     6   Next: 71%
Magic:  6/10       EV: 15    Int: 18    God:
Gold:   92         SH:  0    Dex: 15    Spells: 8/11 levels left

rFire    + . .     SeeInvis .   A - -3 flail (curse)
rCold    + . .     Gourm    .   (shield restricted)
rNeg     . . .     Faith    .   g - +0 leather armour
rPois    +         Spirit   .   (no helmet)
rElec    +         Reflect  .   (no cloak)
rCorr    +         Harm     .   (no gloves)
MR       .....                  (no boots)
Stlth    ++........             (no amulet)
Regen    0.2/turn               (no ring)
MPRegen  0.2/turn               (no ring)

@: resistant
A: carnivore 3
a: no special abilities


You were on level 4 of the Dungeon.
You were completely stuffed.

You visited 1 branch of the dungeon, and saw 4 of its levels.

You collected 92 gold pieces.

Inventory:

Hand Weapons
 y - a +0 short sword
 A - a cursed -3 flail (weapon)
Missiles
 e - 128 stones (quivered)
 l - 25 arrows
Armour
 a - a +0 robe
 g - a +0 leather armour (worn)
Jewellery
 h - an uncursed ring of protection from fire {unknown}
 B - an uncursed ring of stealth {unknown}
Wands
 r - a wand of lightning (9/15)
 C - a wand of random effects (19/48)
Scrolls
 d - a scroll of blinking {unknown}
 i - 2 scrolls of recharging {unknown}
 j - 3 scrolls of teleportation {unknown}
 o - 3 scrolls of remove curse {unknown}
 p - a scroll of amnesia {unknown}
 s - a scroll of immolation {unknown}
 t - a scroll of magic mapping {unknown}
 v - a scroll of enchant armour {unknown}
Potions
 f - a potion of degeneration {unknown}
 k - 2 potions of agility
 m - 2 potions of mutation {unknown}
 q - 2 potions of heal wounds {unknown}
 u - 2 potions of might {unknown}
 w - a potion of brilliance {unknown}
 x - a potion of ambrosia {unknown}
Books
 b - a book of Conjurations

   Spells                             Type                      Level
   a - Magic Dart                     Conjuration                  1
   b - Searing Ray                    Conjuration                  2
   c - Dazzling Spray                 Conjuration/Hexes            3
   d - Fulminant Prism                Conjuration/Hexes            4
   e - Force Lance                    Conjuration/Translocation    4
   f - Iskenderun's Mystic Blast      Conjuration                  4
Comestibles
 c - 4 meat rations
 z - 3 royal jellies
 D - a chunk of flesh


   Skills:
 + Level 0.4 Fighting
 + Level 0.1 Maces & Flails
 + Level 1.2 Armour
 + Level 3.2 Dodging
 + Level 3.8 Stealth
 + Level 3.2 Spellcasting
 + Level 6.1 Conjurations


You had 8 spell levels left.
You knew the following spells:

 Your Spells              Type           Power        Failure   Level  Hunger
a - Magic Dart            Conj           ####         1%          1    None
b - Searing Ray           Conj           ####..       3%          2    ##.....


Dungeon Overview and Level Annotations

Branches:
Dungeon (4/15)
 Temple: D:4-7

Altars:

Annotations:
D:4 homeworkjunkie's ghost, amateur HOFi


Innate Abilities, Weirdness & Mutations

You are small and have problems with some larger weapons.
You are carnivorous and can eat meat at any time.


Message History

Aiming: Searing Ray
Press: ? - help, Shift-Dir - straight line, f - homeworkjunkie's ghost
Aim: homeworkjunkie's ghost The searing ray hits homeworkjunkie's ghost. (Press . to maintain the ray.)
The searing ray hits homeworkjunkie's ghost.
The searing ray hits homeworkjunkie's ghost.
Homeworkjunkie's ghost is lightly damaged.
Homeworkjunkie's ghost hits you!
The searing ray hits homeworkjunkie's ghost.
Homeworkjunkie's ghost is lightly damaged.
You finish channeling your searing ray.
Homeworkjunkie's ghost hits you!
* * * LOW HITPOINT WARNING * * *
You feel protected.
You hear the hiss of a distant avalanche of sand.
Homeworkjunkie's ghost closely misses you.
Found a scroll labeled QIGAIB NUEPT.
There is a stone staircase leading up here.
Homeworkjunkie's ghost hits you!
You die...

#..........###.###.#
#........####..##..#
....รท..).####.#...##
...........##.#.####
......).#..........#
......#....#.#.###.#
##########.....### #
#.#.#...##.#...
#...#.W@.......
...######.#...##
#.#.. .# ..# ......
?. . ... .## .. .# .#
.#


You could see homeworkjunkie's ghost.

Vanquished Creatures
  A scorpion (D:4)
  Natasha (twice) (D:4)
  A worker ant (D:3)
  5 gnolls
  3 adders
  2 worms
  2 dart slugs
  2 leopard geckos
  23 orcs
  A ball python (D:2)
  4 giant cockroaches
  7 goblins
  2 hobgoblins
  5 jackals
  2 quokkas
  7 bats
  5 frilled lizards
  6 kobolds
  7 rats
87 creatures vanquished.

Notes
Turn   | Place    | Note
-------+----------+-------------------------------------------
     0 | D:1      | pstr the Kobold Conjurer began the quest for the Orb.
     0 | D:1      | Reached XP level 1. HP: 10/10 MP: 3/3
   331 | D:1      | Reached XP level 2. HP: 11/15 MP: 0/5
   623 | D:1      | Reached XP level 3. HP: 19/19 MP: 3/6
   627 | D:1      | Learned a level 2 spell: Searing Ray
  1218 | D:2      | Reached skill level 5 in Conjurations
  1663 | D:2      | Reached XP level 4. HP: 24/24 MP: 3/7
  2357 | D:2      | Reached XP level 5. HP: 11/28 MP: 3/8
  3319 | D:3      | Noticed a phantom
  4664 | D:3      | Reached XP level 6. HP: 32/32 MP: 5/10
  5291 | D:4      | Noticed Natasha
  5297 | D:4      | Killed Natasha
  5297 | D:4      | Reached skill level 1 in Armour
  5297 | D:4      | Reached skill level 6 in Conjurations
  5479 | D:4      | Noticed Natasha
  5483 | D:4      | Killed Natasha
  5510 | D:4      | Noticed homeworkjunkie's ghost (amateur HOFi)
  5601 | D:4      | Slain by homeworkjunkie's ghost

Skill      XL: |  1  2  3  4  5  6 |
---------------+-------------------+-----
Conjurations   | 5 6 |  6.1
Stealth        | 3 |  3.8
Dodging        | 3 |  3.2
Spellcasting   | 3 |  3.2
Armour         | 1 |  1.2
Fighting       | |  0.4
Maces & Flails | |  0.1

Action                   |  1- 3 |  4- 6 || total
-------------------------+-------+-------++-------
Melee: Unarmed           |     1 |       ||     1
       Flail             |       |    19 ||    19
 Cast: Magic Dart        |    44 |    67 ||   111
       Searing Ray       |     6 |    38 ||    44
  Use: Potion            |       |     2 ||     2
  Eat: Chunk             |     9 |    16 ||    25
Armor: Robe              |     5 |     5 ||    10
       Leather armour    |       |     9 ||     9
Dodge: Dodged            |    27 |    65 ||    92
